 Dungeon Crawl Stone Soup version 0.28.0 (webtiles) character file.

Game seed: 5094853551840277955

9956 Hasart the Carver (level 11, 0/91 HPs)
             Began as a Demigod Fighter on Feb 11, 2022.
             Slain by an eight-headed hydra (11 damage)
             ... on level 10 of the Dungeon.
             The game lasted 00:30:10 (10833 turns).

Hasart the Carver (Demigod Fighter)                Turns: 10833, Time: 00:30:10

Health: 0/91       AC:  8    Str: 21    XL:     11   Next: 9%
Magic:  14/14      EV: 15    Int: 10    God:
Gold:   855        SH:  6    Dex: 21    Spells: 10/10 levels left

rFire   + . .      SeeInvis .   D - +3 scimitar (freeze)
rCold   . . .      Faith    .   c - +0 buckler
rNeg    . . .      Spirit   .   t - +2 robe of Isuapenei {Will+ Regen+ Stlth+}
rPois   .          Reflect  .   h - +2 hat
rElec   .          Harm     .   (no cloak)
rCorr   .          Rampage  .   E - +1 pair of gloves
Will    +++..                   (no boots)
Stlth   +++.......              r - amulet of regeneration
HPRegen 1.85/turn               F - ring of Woranuma {rF+ Will+}
MPRegen 0.14/turn               (no ring)

@: no status effects
A: high MP 1, forlorn, divine attributes
a: no special abilities


You were on level 10 of the Dungeon.
You visited 2 branches of the dungeon, and saw 12 of its levels.

You collected 936 gold pieces.
You spent 81 gold pieces at shops.

Inventory:

Hand Weapons
 a - a +0 long sword of draining
 D - a +3 scimitar of freezing (weapon)
 J - a +3 long sword of freezing
Missiles
 u - 28 poisoned darts
 w - 2 boomerangs (quivered)
 y - 6 silver javelins
 N - 3 javelins
Armour
 c - a +0 buckler (worn)
 h - a +2 hat (worn)
 s - a +0 chain mail
 t - the +2 robe of Isuapenei (worn) {Will+ Regen+ Stlth+}
   (You found it on level 4 of the Dungeon)

   Regen:     It increases your rate of health regeneration.
   Will:      It increases your willpower.
   Stlth:     It makes you more stealthy.
 E - a +1 pair of gloves (worn)
 P - a +0 troll leather armour
Jewellery
 p - a ring of fire
 r - an amulet of regeneration (around neck)
 B - a ring of wizardry
 F - the ring of Woranuma (left hand) {rF+ Will+}
   (You found it on level 9 of the Dungeon)

   [ring of protection from fire]

   rF:        It protects you from fire.
   Will:      It increases your willpower.
 M - an amulet of guardian spirit
Wands
 g - a wand of polymorph (5)
 A - a wand of paralysis (11)
 C - a wand of mindburst (8)
 O - a wand of flame (5)
Scrolls
 e - a scroll of enchant armour
 l - a scroll of magic mapping
 n - a scroll of fog
 o - 3 scrolls of identify
 q - a scroll of silence
 z - a scroll of amnesia
 G - 4 scrolls of enchant weapon
 R - a scroll of teleportation
Potions
 b - a potion of brilliance
 d - 3 potions of might
 f - a potion of attraction
 i - 4 potions of curing
 j - a potion of heal wounds
 k - 2 potions of magic
 m - a potion of resistance
 v - a potion of flight
 x - a potion of lignification
 H - 3 potions of degeneration
 I - 2 potions of haste
 K - 2 potions of mutation
 Q - a potion of berserk rage {unknown}
Miscellaneous
 L - a phial of floods


   Skills:
 + Level 6.4 Fighting
 * Level 8.8 Long Blades
 + Level 5.7 Throwing
 + Level 6.5 Armour
 + Level 5.6 Dodging
 + Level 6.4 Shields
 + Level 4.6 Evocations


You had 10 spell levels left.
You didn't know any spells.
Your spell library contained the following spells:

 Spells                   Type           Power      Damage    Failure   Level
 Sublimation of Blood     Necr           0%         N/A       58%         2
 Wereblood                Tmut           0%         N/A       58%         2
 Gell's Gravitas          Tloc           0%         N/A       82%         3
 Inner Flame              Hex/Fire       0%         N/A       82%         3
 Summon Guardian Golem    Hex/Summ       0%         N/A       82%         3
 Teleport Other           Tloc           0%         N/A       82%         3
 Anguish                  Hex/Necr       0%         N/A       99%         4
 Cause Fear               Hex            0%         N/A       99%         4
 Fulminant Prism          Conj/Hex       0%         3d6       99%         4
 Dispersal                Tloc           0%         N/A       100%        6
 Summon Hydra             Summ           0%         N/A       100%        7


Dungeon Overview and Level Annotations

Branches:
Dungeon (11/15)            Temple (0/1) D:7            Lair (0/6) D:11
    Orc (1/2) D:10

Shops:
D:6 !   Orc:1 ?

Annotations:
D:7 2 transporters, Harold
D:10 1 runed translucent door, robertstho's ghost, journeyman MiBe


Innate Abilities, Weirdness & Mutations

You have an increased reservoir of magic. (+10% MP)
You shall have no god before yourself.
Your divine heritage dramatically boosts your attributes as you level up.


Message History

You block the eight-headed hydra's attack.
The eight-headed hydra bites you but does no damage.
There is a stone staircase leading up here.
The eight-headed hydra completely misses you.
You block the eight-headed hydra's attack.
The eight-headed hydra completely misses you.
The eight-headed hydra closely misses you.
The eight-headed hydra bites you. The eight-headed hydra bites you!
The eight-headed hydra bites you. The eight-headed hydra bites you!
Something hits you. The orc hits you with a +3 short sword.
You climb upwards.
Level annotation: 1 runed translucent door, robertstho's ghost, journeyman MiBe Reactivating autopickup.
There is a stone staircase leading down here.
Unknown command.
Deactivating autopickup; reactivate with Ctrl-A.
You miss something. The eight-headed hydra bites you. x2
The eight-headed hydra bites you!
The eight-headed hydra barely misses you.
You block the eight-headed hydra's attack.
The eight-headed hydra bites you.
The eight-headed hydra closely misses you.
The eight-headed hydra bites you. Something hits you but does no damage.
You block the orc's attack. Something hits you but does no damage.
Unknown command.
An orc wizard appears from thin air!
Reactivating autopickup.
The orc wizard casts a spell.
The orc wizard flickers and vanishes!
Deactivating autopickup; reactivate with Ctrl-A.
The eight-headed hydra bites you! The eight-headed hydra bites you.
The eight-headed hydra bites you but does no damage.
The eight-headed hydra misses you. The eight-headed hydra bites you!
* * * LOW HITPOINT WARNING * * *
You block the eight-headed hydra's attack.
The eight-headed hydra bites you!
* * * LOW HITPOINT WARNING * * *
The eight-headed hydra bites you!
You die...

#........# #.#
#........# #.#
#####.......# ##.#
#...........# ##..###
#>..........# #......
#.......##..####..####
#.................#
#...Do..#########.#
#####@### #.# #...#
#.# ###.# #.#
#######.### #.#
#........)#######.####
#........[..#........#
#.........#.#........#
#.........#...........
#.........###....(..<#


You could see an eight-headed hydra and an orc.

Vanquished Creatures
  Gastronok (D:8)
  Josephine (Orc:1)
  A centaur warrior (D:8)
  2 two-headed ogres
  An ugly thing (D:8)
  A manticore (shapeshifter) (D:8)
  Joseph (D:8)
  An unseen horror (D:8)
  A troll (D:10)
  A blink frog (D:5)
  A shadow (D:10)
  4 wraiths (D:10)
  Eustachio (D:4)
  A basilisk (D:8)
  2 acid dragons
  2 ice beasts
  7 orc warriors
  A black bear (D:5)
  A necrophage (D:7)
  3 ogres
  A centaur (D:9)
  A phantom (D:4)
  3 kobold brigands
  A bullfrog (D:8)
  3 scorpions
  A wyvern skeleton (D:6)
  A wyvern zombie (D:7)
  4 killer bees (D:7)
  10 wights (D:8)
  4 howler monkeys
  3 centaur zombies
  A jelly (D:7)
  3 orc priests
  2 hounds
  2 iguanas
  2 bullfrog skeletons
  6 orc wizards
  A killer bee zombie (D:6)
  A howler monkey zombie (D:9)
  3 gnolls (D:5)
  9 adders
  A shadow imp (D:6)
  A white imp (D:6)
  An ufetubus (D:6)
  A worm (D:2)
  4 dart slugs
  28 orcs
  6 ball pythons
  5 bats
  3 endoplasms
  A giant cockroach (D:3)
  6 goblins
  4 hobgoblins (D:1)
  3 jackals (D:4)
  19 kobolds
  5 quokkas
  A frilled lizard (D:1)
  4 rats
189 creatures vanquished.

Notes
Turn   | Place    | Note
-------+----------+-------------------------------------------
     0 | D:1      | Hasart the Demigod Fighter began the quest for the Orb.
     0 | D:1      | Reached XP level 1. HP: 18/18 MP: 3/3
    65 | D:1      | Reached skill level 2 in Long Blades
   244 | D:1      | Reached XP level 2. HP: 25/25 MP: 4/4
   913 | D:2      | Reached XP level 3. HP: 30/30 MP: 5/5
  1835 | D:3      | Reached skill level 1 in Dodging
  2105 | D:3      | Reached XP level 4. HP: 30/38 MP: 6/6
  2259 | D:3      | Noticed a phantom
  2391 | D:4      | Reached skill level 1 in Throwing
  2473 | D:4      | Reached skill level 3 in Long Blades
  2651 | D:4      | Noticed a phantom
  2681 | D:4      | Killed a phantom
  2682 | D:4      | Reached XP level 5. HP: 22/45 MP: 7/7
  2812 | D:4      | Noticed Eustachio
  3372 | D:4      | Identified the +2 robe of Isuapenei {Will+ Regen+ Stlth+}
  3492 | D:5      | Entered Level 5 of the Dungeon
  3620 | D:4      | Killed Eustachio
  3621 | D:4      | Reached XP level 6. HP: 26/51 MP: 8/8
  3871 | D:5      | Reached skill level 4 in Long Blades
  4025 | D:5      | Noticed a troll
  4107 | D:5      | Noticed a blink frog
  4107 | D:5      | a troll changed into a blink frog
  4132 | D:5      | Killed a blink frog
  4133 | D:5      | Reached XP level 7. HP: 34/58 MP: 9/9
  4520 | D:5      | Reached skill level 5 in Long Blades
  4930 | D:6      | Found Xetup's Distillery.
  4943 | D:6      | Bought a potion of curing for 33 gold pieces
  4979 | D:6      | Reached XP level 8. HP: 66/66 MP: 10/10
  5814 | D:7      | Found a staircase to the Ecumenical Temple.
  5958 | D:7      | Reached skill level 1 in Evocations
  6325 | D:7      | Noticed Harold
  6511 | D:8      | Noticed Gastronok
  6512 | D:8      | Noticed Joseph
  6585 | D:8      | Killed Joseph
  6653 | D:8      | Reached skill level 6 in Long Blades
  6791 | D:7      | Found a transporter.
  6791 | D:7      | Noticed a two-headed ogre
  6792 | D:7      | Noticed a seven-headed hydra
  6795 | D:7      | Found a transporter.
  6796 | D:7      | Noticed a two-headed ogre
  6796 | D:7      | Noticed a cyclops
  7579 | D:7      | Reached XP level 9. HP: 43/68 MP: 11/11
  7741 | D:8      | Reached skill level 5 in Armour
  7745 | D:8      | Reached skill level 5 in Shields
  7794 | D:8      | Reached skill level 5 in Fighting
  7912 | D:8      | Noticed a faun
  7916 | D:8      | Noticed a manticore
  7916 | D:8      | a faun changed into a manticore
  7922 | D:8      | Killed a manticore
  7952 | D:8      | Noticed a brown ugly thing
  7964 | D:8      | Killed a brown ugly thing
  7965 | D:8      | Reached skill level 7 in Long Blades
  8004 | D:8      | Noticed a two-headed ogre
  8328 | D:8      | Killed Gastronok
  8329 | D:8      | Reached XP level 10. HP: 55/82 MP: 13/13
  8412 | D:8      | Noticed a centaur warrior
  8510 | D:8      | Killed a two-headed ogre
  8619 | D:8      | Reached skill level 5 in Throwing
  8710 | D:8      | Killed a centaur warrior
  8711 | D:8      | Reached skill level 8 in Long Blades
  8711 | D:8      | Reached skill level 5 in Dodging
  8799 | D:8      | Got the Handbook of Curses
  8998 | D:9      | Identified the ring of Woranuma {rF+ Will+}
  9776 | D:10     | Entered Level 10 of the Dungeon
  9950 | D:10     | Noticed a two-headed ogre
  9982 | D:10     | Killed a two-headed ogre
 10103 | D:10     | Found a runed translucent door.
 10103 | D:10     | Noticed robertstho's ghost (journeyman MiBe)
 10124 | D:10     | Found a staircase to the Orcish Mines.
 10524 | Orc:1    | Entered Level 1 of the Orcish Mines
 10526 | Orc:1    | Found Kasal's Magic Scroll Boutique.
 10538 | Orc:1    | Bought a scroll of teleportation for 48 gold pieces
 10611 | Orc:1    | Noticed Josephine
 10626 | Orc:1    | Killed Josephine
 10659 | D:10     | Reached XP level 11. HP: 69/91 MP: 14/14
 10791 | D:11     | Found a staircase to the Lair.
 10808 | D:11     | Noticed an eight-headed hydra
 10833 | D:10     | Slain by an eight-headed hydra

Illustrated notes

Levels and vault maps discovered:
D:1:      lemuel_arrival_behind_the_door_large, layout_rooms, serial_aquarium,
          aquarium_bridge_square [aquarium_subvault_bridge,
          aquarium_subvault_bridge, aquarium_subvault_bridge,
          aquarium_subvault_bridge], aquarium_window_fake, aquarium_window_fake,
          aquarium_window_1, aquarium_view_2a, aquarium_view_2e,
          aquarium_pool_1, hellmonk_ecumenical_altar_lost_god, st_stairs_12
D:2:      layout_loops_ring, minmay_hexomino_r4
D:3:      layout_basic, lemuel_coloured_pillars_altar, serial_aquarium,
          aquarium_bridge_island_small [aquarium_subvault_small_open,
          aquarium_subvault_wall, aquarium_subvault_wall,
          aquarium_subvault_bridge, aquarium_subvault_bridge],
          aquarium_bridge_square [aquarium_subvault_window,
          aquarium_subvault_bridge, aquarium_subvault_window,
          aquarium_subvault_window], aquarium_window_fake, aquarium_window_1,
          aquarium_window_corner, aquarium_window_corridor_1, aquarium_view_2c
D:4:      layout_cave_pools, nicolae_dithmenos_shadow_blocks, uniq_eustachio
D:5:      layout_gridville
D:6:      layout_loops_corners, mainiacjoe_overflow_24_doors,
          mainiacjoe_overflow_concentric_impassable, lemuel_tele_altar,
          mainiacjoe_overflow_cross_hatched, serial_shops, nicolae_stop_n_shop_1
D:7:      layout_layer_cave, old_standard_altar,
          gammafunk_temple_overflow_arena, minmay_temple_entry_ruins,
          minivault_27, grunt_ministairs_8, uniq_harold
D:8:      minmay_tri_box, layout_loops_ring, chequers_garden, uniq_gastronok,
          uniq_joseph
D:9:      layout_long_grid, fedhas_altar_3, mainiacjoe_overflow_brackets
D:10:     layout_roguey, orc_david_3, gammafunk_ghost_grave,
          minmay_misc_feat_tower
D:11:     layout_cave_pods, lair_entry_dummy
Orc:1:    layout_diamond_mine, serial_shops, shop_scrolls, uniq_josephine

Skill      XL: |  1  2  3  4  5  6  7  8  9 10 |
---------------+-------------------------------+-----
Long Blades    | 2 3 4 5 6 7 8 |  8.8
Shields        | 3 4 5 6 |  6.4
Fighting       | 3 4 5 6 |  6.4
Armour         | 3 4 5 6 |  6.5
Dodging        | 1 2 3 4 5 |  5.6
Throwing       | 1 2 3 4 5 |  5.7
Evocations     | 2 3 4 |  4.6

Action                   |  1- 3 |  4- 6 |  7- 9 | 10-12 || total
-------------------------+-------+-------+-------+-------++-------
Melee: Long sword        |   118 |   155 |   289 |    50 ||   612
       Scimitar          |       |       |       |   211 ||   211
Throw: Dart              |       |    26 |    11 |     7 ||    44
       Boomerang         |       |       |    20 |     4 ||    24
       Javelin           |       |       |     4 |       ||     4
Evoke: Wand              |       |     1 |    17 |     2 ||    20
  Use: Scroll            |       |       |    21 |     1 ||    22
 Stab: Sleeping          |       |       |     6 |     4 ||    10
       Paralysed         |       |       |     6 |     2 ||     8
Armor: Scale mail        |    50 |     7 |       |       ||    57
       Chain mail        |       |    43 |       |       ||    43
       Robe              |       |    21 |    60 |    81 ||   162
Dodge: Dodged            |    56 |    96 |   194 |   166 ||   512
Block: Buckler           |    38 |    59 |   100 |    98 ||   295
